 Dungeon Crawl Stone Soup version 0.31.0-11-ge490571c62 (webtiles) character file.

Game seed: 12795513104831875040

27230 Curundu the Severer (level 13, -26/116 HPs)
             Began as a Minotaur Berserker on Feb 2, 2024.
             Was a High Priest of Trog.
             Annihilated by a very large slime creature (53 damage)
             ... on level 14 of the Dungeon.
             The game lasted 00:47:19 (15181 turns).

Curundu the Severer (Minotaur Berserker)           Turns: 15181, Time: 00:47:19

Health: -26/116    AC: 19    Str: 26    XL:     13   Next: 3%
Magic:  12/12      EV:  9    Int:  4    God:    Trog [*****.]
Gold:   682        SH: 10    Dex: 11    Spells: 12/12 levels left

rFire   . . .        j - +1 broad axe (protect)
rCold   + . .        z - +0 kite shield
rNeg    . . .        q - +0 plate armour
rPois   +            (helmet restricted)
rElec   .            r - +0 cloak
rCorr   .            (no gloves)
SInv    .            m - +1 pair of boots
Will    .....        B - amulet of regeneration Stlth
                     k - ring of poison resistance
HPRegen 1.19/turn    M - ring of protection from cold
MPRegen 0.13/turn

%: no passive effects
@: on berserk cooldown, slowed, very slow
A: horns 2, retaliatory headbutt
a: Renounce Religion, Berserk, Trog's Hand, Brothers in Arms


You were on level 14 of the Dungeon.
You worshipped Trog.
Trog was extremely pleased with you.
You visited 1 branch of the dungeon, and saw 14 of its levels.

You collected 682 gold pieces.

Inventory:

Hand Weapons
 j - a +1 broad axe of protection (weapon)
 n - a +0 club
 p - the +1 hammer "Osaopt" {freeze, Str+6 Int+6}
   (You found it on level 4 of the Dungeon)

   Str+6:     It affects your strength (+6).
   Int+6:     It affects your intelligence (+6).
 w - a +3 scimitar of flaming
Missiles
 a - 2 throwing nets (quivered)
 v - 4 javelins
 H - 2 silver javelins
Armour
 m - a +1 pair of boots (worn)
 q - a +0 plate armour (worn)
 r - a +0 cloak (worn)
 z - a +0 kite shield (worn)
Jewellery
 k - a ring of poison resistance (left hand)
 x - an amulet of guardian spirit
 y - the Hermit's Pendant {Faith Invo=14 Evo=0 MP+5}
   (You found it on level 8 of the Dungeon)

   [amulet of faith]

   Invo=14: It sets your Invocations skill to 14.
   Evo=0: It sets your Evocations skill to 0.
   Faith:     It allows you to gain divine favour quickly.
   MP+5:      It affects your magic capacity (+5).
 B - an amulet of regeneration (around neck)
 G - an amulet of the acrobat
 J - the ring of Papn {rElec EV+5 Str+6 Int-4 Slay+3}
   (You acquired it on level 14 of the Dungeon)

   [ring of evasion]

   EV+5:      It affects your evasion (+5).
   Str+6:     It affects your strength (+6).
   Int-4:     It affects your intelligence (-4).
   Slay+3:    It affects your accuracy & damage with ranged weapons and melee
   (+3).
   rElec:     It insulates you from electricity.
 M - a ring of protection from cold (right hand)
Wands
 b - a wand of roots (2)
 o - a wand of flame (9)
 I - a wand of paralysis (5)
 K - a wand of digging (7)
Scrolls
 f - 4 scrolls of fog
 g - 7 scrolls of teleportation
 s - 2 scrolls of immolation
 t - a scroll of revelation
 u - 4 scrolls of identify
 C - a scroll of fear
 D - 3 scrolls of poison
Potions
 c - a potion of might
 e - 3 potions of lignification
 h - 8 potions of curing
 i - a potion of enlightenment
 l - 3 potions of attraction
 A - 3 potions of cancellation
 F - a potion of resistance
 L - a potion of magic {unknown}
Miscellaneous
 E - a lightning rod (4/4)


   Skills:
 + Level 11.2 Fighting
 - Level 3.4 Long Blades
 + Level 15.8 Axes
 + Level 0.1 Throwing
 + Level 11.0 Armour
 * Level 9.1 Dodging
 + Level 1.5 Stealth
 * Level 8.6 Shields
 * Level 5.7 Evocations


You had 12 spell levels left.
You didn't know any spells.
Your spell library was empty.

Dungeon Overview and Level Annotations

Branches:
Dungeon (14/15)            Temple (0/1) D:7            Lair (0/5) D:11
    Orc (0/2) D:10
 Vaults: D:13-14

Altars:
Dithmenos
Elyvilon
Gozag
Nemelex Xobeh
Qazlal
Ru
Uskayaw
Vehumet
Yredelemnul

Shops:
D:3 [   D:5 *   D:6 ([(   D:10 [

Annotations:
D:12 4 runed translucent doors
D:14 Louise


Innate Abilities, Weirdness & Mutations

You have a pair of horns on your head.
You reflexively headbutt those who attack you in melee.


Message History

The cyan ugly thing shocks you!
* * * LOW HITPOINT WARNING * * *
The brown ugly thing basks in the mutagenic energy from its kin and changes!
You feel much better. The cyan ugly thing gores you.
The cyan ugly thing shocks you!
* * * LOW HITPOINT WARNING * * *
Louise says, "Powers from beyond reality are at my beck and call!"
The boulder beetle leaps!
You block the cyan ugly thing's attack.
You feel much better.
The cyan ugly thing gores you but does no damage.
You block the cyan ugly thing's attack.
Two slime creatures merge to form an enormous slime creature.
Things that are here:
a +0 glaive; a +1 leather armour of fire resistance You feel the effects of Trog's Hand fading.
The purple ugly thing basks in the mutagenic energy from its kin and changes!
The cyan ugly thing basks in the mutagenic energy from its kin and changes!
The cyan ugly thing gores you. The cyan ugly thing shocks you!
The cyan ugly thing attacks as it pursues you!
The cyan ugly thing gores you but does no damage.
The cyan ugly thing gores you but does no damage.
The cyan ugly thing barely misses you. You furiously retaliate!
You headbutt the cyan ugly thing.
Your skin stops crawling.
You feel less strong-willed.
Two slime creatures merge to form a very large slime creature.
The cyan ugly thing attacks as it pursues you!
You block the cyan ugly thing's attack. x2
The cyan ugly thing gores you! The cyan ugly thing shocks you!
The cyan ugly thing gores you but does no damage.
The cyan ugly thing gores you. The cyan ugly thing shocks you!
* * * LOW HITPOINT WARNING * * *
The very large slime creature attacks as it pursues you!
The very large slime creature barely misses you.
You furiously retaliate!
You headbutt the very large slime creature!
The brown ugly thing basks in the mutagenic energy from its kin and changes!
The cyan ugly thing gores you but does no damage.
The very large slime creature attacks as it pursues you!
The very large slime creature hits you!!!
You die...

#############
#....u...u..#
#..J#######)#
#.u.# #.#
#J..# #)#
#@..# #u#
#...#


uuO #<..# .yuuu #.#.# ....... #...# #........ ##### #......... ......?...≈ You
could see a cyan ugly thing, a very large slime creature and a slime creature.

Vanquished Creatures
  Azrael (D:12)
  5 centaur warriors
  Erica (D:11)
  6 two-headed ogres
  2 boulder beetles
  A tengu warrior (D:14)
  4 deep elf pyromancers
  3 ugly things
  2 cyclopes (D:11)
  A manticore (D:12)
  2 unseen horrors
  A kobold demonologist (D:10)
  A komodo dragon (D:12)
  Jeremiah (D:8)
  2 trolls
  3 hornets (D:10)
  Grinder (D:4)
  Prince Ribbit (D:7)
  10 slime creatures
  A shadow (D:10)
  2 vampires
  6 yaks
  2 wyverns (D:10)
  A wraith (D:12)
  3 fire elementals (D:12)
  A hog (shapeshifter) (D:8)
  Eustachio (D:4)
  A steam dragon (D:10)
  10 vampire mosquitoes
  Menkaure (D:4)
  3 water moccasins
  4 hell hounds (D:12)
  2 acid dragons
  7 orc warriors
  An ice beast (D:6)
  An ogre (D:4)
  10 centaurs
  A centaur (shapeshifter) (D:13)
  A phantom (D:4)
  A gnoll sergeant (D:9)
  A bullfrog (D:7)
  4 scorpions
  A wight (D:10)
  10 killer bees
  6 howler monkeys
  A jelly (D:7)
  3 bombardier beetles (D:4)
  5 hounds
  3 orc priests
  A sleepcap (D:7)
  Crazy Yiuf (D:4)
  Natasha (thrice) (D:3)
  3 iguanas
  12 orc wizards
  Robin (D:3)
  11 adders
  11 gnolls
  2 white imps
  2 ufetubi (D:6)
  6 ribbon worms
  A dart slug (D:4)
  41 orcs
  10 endoplasms
  A giant cockroach (D:4)
  31 goblins
  27 hobgoblins
  8 jackals
  12 kobolds
  3 quokkas
  8 ball pythons
  5 bats
  4 frilled lizards
  4 rats
350 creatures vanquished.

Notes
Turn   | Place    | Note
-------+----------+-------------------------------------------
     0 | D:1      | Curundu the Minotaur Berserker began the quest for the Orb.
     0 | D:1      | Reached XP level 1. HP: 19/19 MP: 0/0
   255 | D:1      | Reached XP level 2. HP: 27/27 MP: 1/1
   258 | D:1      | Reached skill level 4 in Axes
   965 | D:2      | Reached XP level 3. HP: 33/33 MP: 2/2
   969 | D:2      | Reached ** piety under Trog
  1003 | D:2      | Found a shadowy altar of Dithmenos.
  1194 | D:2      | Reached skill level 5 in Axes
  1194 | D:2      | Reached XP level 4. HP: 40/40 MP: 3/3
  1533 | D:3      | Noticed Natasha
  1536 | D:3      | Killed Natasha
  1631 | D:3      | Noticed Natasha
  1640 | D:3      | Killed Natasha
  1640 | D:3      | Reached *** piety under Trog
  1641 | D:3      | Reached XP level 5. HP: 23/47 MP: 4/4
  1737 | D:3      | Noticed Natasha
  1742 | D:3      | Killed Natasha
  1887 | D:3      | Found Inwo's Antique Armour Boutique.
  1911 | D:3      | Reached skill level 6 in Axes
  1923 | D:3      | Reached skill level 5 in Fighting
  2092 | D:3      | Reached XP level 6. HP: 22/56 MP: 5/5
  2351 | D:3      | Noticed Robin
  2366 | D:3      | HP: 1/84 [hobgoblin (6)]
  2373 | D:3      | HP: 4/84 [Robin/+0 mace (4)]
  2375 | D:3      | Killed Robin
  2375 | D:3      | HP: 1/84 [hobgoblin (5)]
  2835 | D:4      | Found a stormy altar of Qazlal.
  2854 | D:4      | Noticed Grinder
  2860 | D:4      | Reached skill level 7 in Axes
  2862 | D:4      | Killed Grinder
  2863 | D:4      | Reached skill level 1 in Stealth
  2863 | D:4      | Reached XP level 7. HP: 22/62 MP: 6/6
  3047 | D:4      | Reached skill level 8 in Axes
  3124 | D:4      | Reached **** piety under Trog
  3150 | D:4      | Identified the +1 hammer "Osaopt" {freeze, Str+6 Int+6}
  3159 | D:4      | Found a runed translucent door.
  3160 | D:4      | Noticed Crazy Yiuf
  3165 | D:4      | Killed Crazy Yiuf
  3332 | D:4      | Noticed Eustachio
  3346 | D:4      | Killed Eustachio
  3347 | D:4      | Reached skill level 9 in Axes
  3469 | D:4      | Noticed Menkaure
  3474 | D:4      | Killed Menkaure
  3475 | D:4      | Reached XP level 8. HP: 71/71 MP: 7/7
  3893 | D:4      | Identified the +10 short sword "Guutoq" {drain, MP+9 Str+3}
  4154 | D:4      | Reached skill level 10 in Axes
  4424 | D:5      | Entered Level 5 of the Dungeon
  4836 | D:5      | Found Cuipim's Assorted Antiques.
  5454 | D:6      | Found Ycviarhi's Antique Armour Boutique.
  5517 | D:6      | Reached skill level 11 in Axes
  5702 | D:6      | Reached XP level 9. HP: 76/79 MP: 8/8
  5822 | D:6      | Found Sabeonad's Weapon Emporium.
  5949 | D:6      | Found Fapas's Weapon Shop.
  6165 | D:7      | Reached skill level 5 in Armour
  6533 | D:7      | Identified the +5 ring mail of Zealous Intercession
                  | {Rampage Str-3 Int+2}
  6545 | D:7      | Noticed Prince Ribbit
  6552 | D:7      | Killed Prince Ribbit
  6782 | D:7      | Found a staircase to the Ecumenical Temple.
  6821 | D:7      | Found an opulent altar of Gozag.
  7432 | D:8      | Found a hide-covered altar of Uskayaw.
  7439 | D:8      | Found a sparkling altar of Nemelex Xobeh.
  7871 | D:8      | Reached skill level 1 in Long Blades
  7879 | D:8      | Reached skill level 12 in Axes
  8013 | D:8      | Noticed Jeremiah
  8049 | D:8      | Killed Jeremiah
  8050 | D:8      | Reached skill level 5 in Dodging
 10006 | D:8      | Found a faded altar of an unknown god.
 10006 | D:8      | Found the Hermit's Pendant {Faith Invo=14 Evo=0 MP+5}
 10500 | D:9      | Found a sacrificial altar of Ru.
 10608 | D:9      | Noticed a troll
 10616 | D:9      | Killed a troll
 10617 | D:9      | Reached XP level 10. HP: 67/91 MP: 9/9
 10857 | D:9      | Found a basalt altar of Yredelemnul.
 10956 | D:9      | Found a radiant altar of Vehumet.
 11105 | D:10     | Entered Level 10 of the Dungeon
 11159 | D:10     | Found a white marble altar of Elyvilon.
 11169 | D:10     | You fall into a shaft and drop 3 floors!
 11346 | D:12     | Reached skill level 1 in Shields
 11417 | D:10     | Found Piroghob's Armour Boutique.
 11431 | D:10     | Found a staircase to the Orcish Mines.
 11548 | D:10     | Reached skill level 1 in Evocations
 11775 | D:10     | Noticed a two-headed ogre
 11790 | D:10     | Noticed a two-headed ogre
 11806 | D:10     | Killed a two-headed ogre
 11852 | D:10     | Killed a two-headed ogre
 11853 | D:10     | Reached skill level 13 in Axes
 11891 | D:10     | Reached XP level 11. HP: 97/97 MP: 10/10
 11991 | D:10     | Noticed a two-headed ogre
 11999 | D:10     | Killed a two-headed ogre
 12014 | D:10     | Noticed a deep elf pyromancer
 12022 | D:10     | Killed a deep elf pyromancer
 12372 | D:11     | Noticed a two-headed ogre
 12381 | D:11     | Killed a two-headed ogre
 12382 | D:11     | Reached skill level 5 in Shields
 12424 | D:11     | Found a staircase to the Lair.
 12437 | D:11     | Noticed a boulder beetle
 12452 | D:11     | Killed a boulder beetle
 12453 | D:11     | Reached skill level 14 in Axes
 12487 | D:11     | Noticed Erica
 12489 | D:11     | Noticed a two-headed ogre
 12499 | D:11     | Killed a two-headed ogre
 12500 | D:11     | Reached skill level 10 in Fighting
 12515 | D:11     | Killed Erica
 12766 | D:11     | Reached skill level 10 in Armour
 13089 | D:12     | Noticed a deep elf pyromancer
 13100 | D:12     | Killed a deep elf pyromancer
 13268 | D:12     | Reached XP level 12. HP: 105/107 MP: 11/11
 13332 | D:12     | Found a runed translucent door.
 13336 | D:12     | Reached ***** piety under Trog
 13399 | D:12     | Found a runed translucent door.
 13438 | D:12     | Noticed a boulder beetle
 13454 | D:12     | Killed a boulder beetle
 13603 | D:12     | Noticed a two-headed ogre
 13612 | D:12     | Killed a two-headed ogre
 13627 | D:12     | Found a runed translucent door.
 13629 | D:12     | Noticed a spark wasp
 13632 | D:12     | Found a runed translucent door.
 13632 | D:12     | Found the +5 Storm Queen's Shield {shock, Fly rElec}
 13738 | D:12     | Reached skill level 15 in Axes
 13741 | D:12     | Noticed Azrael
 13764 | D:12     | Killed Azrael
 13765 | D:12     | Reached skill level 5 in Evocations
 13893 | D:12     | Noticed a storm dragon
 14375 | D:13     | Noticed a centaur warrior
 14385 | D:13     | Killed a centaur warrior
 14500 | D:13     | Noticed a centaur warrior
 14524 | D:13     | Killed a centaur warrior
 14600 | D:13     | Noticed a centaur warrior
 14613 | D:13     | Killed a centaur warrior
 14632 | D:13     | HP: 2/110 [burnt (11)]
 14971 | D:13     | Noticed a centaur warrior
 14987 | D:13     | Killed a centaur warrior
 15106 | D:14     | Identified a scroll of acquirement
 15106 | D:14     | Acquired the ring of Papn {rElec EV+5 Str+6 Int-4 Slay+3}
 15108 | D:14     | Lost intelligence.
 15128 | D:14     | Noticed a tengu warrior
 15128 | D:14     | Noticed a centaur warrior
 15130 | D:14     | Noticed a two-headed ogre
 15133 | D:14     | Noticed a boulder beetle
 15136 | D:14     | Killed a centaur warrior
 15139 | D:14     | Killed a tengu warrior
 15161 | D:14     | Reached XP level 13. HP: 18/116 MP: 12/12
 15162 | D:14     | Noticed Louise
 15181 | D:14     | Annihilated by a very large slime creature

Illustrated notes

Levels and vault maps discovered:
D:1:      dpeg_arrival_circle_labyrinth_c, layout_basic, minmay_hexomino_p4
D:2:      layout_basic, basic_altar
D:3:      cheibrodos_greedy_goblins, layout_basic, serial_shops,
          nicolae_shop_hallway_stairs, uniq_natasha, uniq_robin
D:4:      corexii_shantytown, layout_basic, mainiacjoe_overflow_tiny_flanked,
          nicolae_half_adder, uniq_menkaure, uniq_grinder,
          uniq_crazy_yiuf_cottage, uniq_eustachio
D:5:      nicolae_cairo_tiling_very_big, layout_basic, serial_shops, shop
D:6:      layout_rooms, serial_shops, shop, nicolae_shop_statue_plus, shop,
          minmay_misc_feat_diagonals
D:7:      layout_basic, mainiacjoe_overflow_brackets,
          minmay_temple_entry_statues, uniq_prince_ribbit1
D:8:      layout_basic, amethyst_overflow_temple_binary,
          hellmonk_guarded_unrand_hermit, uniq_jeremiah
D:9:      layout_loops_cross, mainiacjoe_overflow_concentric_impassable,
          mainiacjoe_overflow_catwalk, mainiacjoe_overflow_24_doors
D:10:     kennysheep_windowed_halls, layout_cave_pools,
          nicolae_overflow_hidden_temple, david_orc_3, kennysheep_windowed_goal
D:11:     layout_basic, lair_entry_dummy, uniq_erica
D:12:     layout_roguey, nicolae_guarded_unrand_storm_shield, uniq_azrael
D:13:     layout_big_octagon
D:14:     layout_basic, hangedman_vaults_entry_quadrant_bands, uniq_louise

Skill      XL: |  1  2  3  4  5  6  7  8  9 10 11 12 |
---------------+-------------------------------------+-----
Axes           | 4 5 6 7 9 11 12 13 14 15 | 15.8
Fighting       | 4 5 6 7 9 10 11 | 11.2
Dodging        | 3 4 5 6 7 9 |  9.1
Stealth        | 1 |  1.5
Armour         | 4 7 9 10 11 | 11.0
Long Blades    | 3 |  3.4
Shields        | 3 6 8 |  8.6
Evocations     | 2 4 5 |  5.7
Throwing       | |  0.1

Action                     |  1- 3 |  4- 6 |  7- 9 | 10-12 | 13-15 || total
---------------------------+-------+-------+-------+-------+-------++-------
  Melee: Hand axe          |    63 |    26 |       |       |       ||    89
         Headbutt          |    10 |    13 |    46 |    97 |     2 ||   168
         Broad axe         |       |    81 |   262 |   471 |     3 ||   817
         Scimitar          |       |       |    44 |       |       ||    44
         Punch             |       |       |     2 |       |       ||     2
  Throw: Throwing net      |       |       |     1 |       |       ||     1
 Invoke: Trog's Hand       |       |     3 |    11 |     7 |       ||    21
         Berserk           |       |     2 |     3 |     5 |       ||    10
    Use: Scroll            |     1 |     5 |    13 |     4 |       ||    23
         Potion            |       |       |     1 |       |     3 ||     4
 Armour: Animal skin       |    29 |    95 |    25 |       |       ||   149
         Chain mail        |       |       |    92 |       |       ||    92
         Plate armour      |       |       |   188 |   559 |    12 ||   759
  Dodge: Dodged            |    64 |    86 |   181 |   191 |     2 ||   524
  Block: Kite shield       |       |       |       |   226 |     7 ||   233
